Map: Bel'Shir Vestige LE (Void)

Players

Lambo - Winner!

  • Race: Zerg Zerg
  • Spawn Location: 5:00

Bails

  • Race: Protoss Protoss
  • Spawn Location: 11:00

Event: WCS Austin 2017

VOD

Have the link to the VOD?

Description

Time

  • Played on: April 28, 2017, 4:52 p.m.
  • Length: 15:40

All games in this series

Show
View Real Time Build Order
Export as new Build Order

Lambo Zerg - Winner!

Build Orders: Hatch First, Lurkers 

Get SALT Encoding   

  12  0:00  Drone  
  13  0:12  Overlord  
  13  0:17  Drone  
  14  0:30  Drone x2  
  14  0:35  Drone  
  17  0:50  Hatchery  
  17  0:53  Drone  
  17  0:57  Drone  
  18  1:07  Extractor  
  17  1:11  Spawning Pool  
  17  1:14  Drone  
  17  1:17  Drone  
  18  1:28  Drone  
  19  1:40  Overlord  
  19  1:51  Drone  
  20  1:58  Queen  
  22  2:01  Queen  
  22  2:02  Zergling x4  
  26  2:12  Drone  
  26  2:13  Drone  
  28  2:25  Drone x2  
  28  2:26  Metabolic Boost  
  30  2:32  Hatchery  
  29  2:40  Queen  
  31  2:45  Drone  
  31  2:47  Drone x2  
  34  2:51  Overlord  
  35  2:58  Drone x2  
  35  3:05  Overlord  
  36  3:14  Drone x2  
  36  3:16  Drone x4  
  42  3:20  Drone x2  
  42  3:24  Queen  
  46  3:28  Overlord  
  46  3:32  Drone  
  47  3:39  Drone  
  47  3:40  Baneling Nest  
  47  3:44  Drone, Spore Crawler  
  47  3:47  Drone x3  
  50  3:55  Drone  
  50  3:56  Drone  
  50  3:57  Overlord  
  50  3:58  Drone x4  
  56  4:06  Drone x2  
  56  4:09  Spore Crawler  
  55  4:11  Drone  
  55  4:12  Evolution Chamber  
  55  4:14  Overlord  
  55  4:20  Drone x4  
  55  4:22  Drone  
  60  4:25  Lair  
  60  4:29  Extractor  
  59  4:33  Overlord  
  59  4:34  Spore Crawler  
  59  4:35  Zergling x10  
  62  4:39  Zergling x4  
  62  4:42  Zerg Melee Weapons Level 1  
  62  4:45  Zergling x2  
  65  4:51  Drone x3  
  68  4:53  Drone x2  
  68  4:58  Drone x3  
  73  5:01  Drone x2  
  72  5:10  Drone x5  
  76  5:17  Extractor  
  74  5:21  Drone x6  
  74  5:25  Hydralisk Den, Extractor  
  74  5:26  Extractor  
  74  5:28  Extractor  
  76  5:33  Drone x5  
  81  5:36  Overlord  
  81  5:37  Hatchery  
  81  5:39  Queen  
  79  5:44  Drone  
  79  5:45  Drone  
  81  5:50  Overlord  
  81  5:52  Hydralisk Den  
  81  5:54  Overlord  
  81  5:57  Drone  
  81  6:01  Drone x2  
  81  6:02  Drone  
  84  6:04  Centrifical Hooks  
  84  6:08  Lurker Den  
  84  6:09  Overlord x2  
  84  6:12  Overlord  
  84  6:14  Hydralisk x2  
  88  6:19  Zergling x6  
  88  6:22  Hydralisk x2  
  88  6:23  Zergling x2  
  96  6:32  Hydralisk x3  
  101  6:42  Zerg Melee Weapons Level 2  
  101  6:43  Zergling x12  
  107  6:48  Queen  
  107  6:51  Drone  
  107  6:53  Zergling x12  
  116  6:57  Overlord  
  116  6:58  Overlord  
  116  7:00  Extractor  
  115  7:02  Spore Crawler  
  115  7:03  Zergling x4  
  115  7:07  Drone x2  
  115  7:08  Drone, Zergling x4  
  121  7:16  Zergling x2  
  121  7:17  Zergling x6  
  121  7:19  Queen  
  127  7:23  Drone x2  
  127  7:25  Spine Crawler  
  127  7:26  Zergling x2, Hydralisk x3, Spine Crawler  
  127  7:27  Zergling x4  
  127  7:29  Baneling x4  
  136  7:32  Muscular Augments, Overlord x2  
  136  7:34  Zergling x4  
  138  7:37  Drone x2  
  138  7:41  Drone x2  
  142  7:44  Overlord  
  142  7:50  Lurker x4, Overlord  
  146  7:53  Drone x6  
  146  7:57  Hydralisk x2  
  156  8:02  Overlord  
  156  8:03  Lurker, Hydralisk x2  
  161  8:13  Overlord  
  161  8:14  Hydralisk x2  
  161  8:15  Zergling x6  
  161  8:16  Lurker x2  
  169  8:25  Overlord  
  169  8:34  Zergling x24  
  180  8:42  Overlord, Pneumatized Carapace  
  180  8:43  Overseer  
  180  8:46  Overlord  
  180  8:47  Spine Crawler  
  179  8:48  Zergling x2  
  179  8:49  Zergling x10  
  184  8:55  Hatchery  
  184  8:58  Zerg Missile Weapons Level 1  
  184  9:01  Zergling x16  
  184  9:02  Infestation Pit, Zergling x2  
  189  9:04  Baneling x5  
  189  9:05  Baneling x4  
  188  9:18  Zergling x16  
  188  9:19  Zergling x2  
  197  9:26  Zergling x2  
  197  9:27  Zergling x2  
  197  9:28  Baneling  
  197  9:29  Baneling x11  
  198  9:32  Zergling x2  
  198  9:34  Baneling  
  198  9:35  Baneling x18  
  198  9:37  Overlord  
  199  9:39  Baneling x7  
  191  9:47  Zergling x18  
  191  9:50  Baneling x7  
  191  9:52  Hive  
  194  9:54  Zergling x6  
  194  10:04  Zergling x10  
  184  10:07  Zergling x8  
  184  10:08  Zergling x6  
  170  10:14  Hydralisk  
  170  10:15  Hydralisk x2  
  170  10:18  Hydralisk x2  
  169  10:22  Hydralisk x4  
  169  10:23  Zergling x4  
  179  10:28  Hydralisk  
  179  10:29  Hydralisk x2  
  179  10:32  Hydralisk x2  
  185  10:37  Zergling x2, Hydralisk x2  
  184  10:45  Zergling x2, Hydralisk x2  
  184  10:46  Zergling x2  
  187  10:54  Hydralisk x4  
  187  10:55  Zergling x4  
  172  11:02  Hydralisk x3  
  172  11:03  Zergling x10  
  179  11:08  Zergling x6  
  179  11:10  Viper  
  183  11:15  Adrenal Glands  
  182  11:21  Viper, Hydralisk  
  182  11:23  Overseer  
  182  11:24  Overseer  
  182  11:25  Zergling x20  
  195  11:31  Baneling x8  
  195  11:34  Zergling x2  
  195  11:35  Zergling x4  
  195  11:37  Hydralisk  
  195  11:38  Zergling x6  
  189  11:43  Lurker  
  189  11:44  Zergling x2  
  189  11:45  Zergling x12  
  196  11:48  Zerg Melee Weapons Level 3  
  196  11:54  Zergling x8  
  196  11:56  Baneling x7  
  200  12:02  Spine Crawler  
  200  12:04  Spore Crawler  
  198  12:13  Zergling x2  
  198  12:14  Zergling x2  
  200  12:22  Zergling x10, Hydralisk x2  
  180  12:26  Zergling x8, Hydralisk x2  
  164  12:31  Zergling x2, Hydralisk x2  
  164  12:32  Zergling x6  
  164  12:35  Zergling x4  
  168  12:38  Zergling x6  
  168  12:42  Zergling x4  
  163  12:47  Zergling x8  
  163  12:54  Baneling x10  
  163  12:58  Overseer  
  163  13:00  Zergling x2  
  163  13:01  Zergling x4  
  166  13:06  Zergling x2  
  166  13:07  Zergling x8  
  166  13:08  Baneling x2  
  166  13:10  Zergling x2  
  166  13:11  Zergling x2  
  173  13:13  Baneling x4  
  173  13:19  Zergling x2  
  167  13:20  Zergling x10  
  170  13:28  Zergling x16  
  170  13:33  Hydralisk x2  
  141  13:38  Zergling x2, Hydralisk x2  
  143  13:47  Zergling x6, Hydralisk  
  143  13:50  Viper  
  143  13:51  Viper  
  143  13:53  Hydralisk  
  139  13:58  Zergling x10  
  139  13:59  Baneling  
  143  14:05  Baneling x7  
  143  14:09  Lurker x5  
  147  14:15  Zergling x12  
  153  14:22  Hydralisk  
  153  14:23  Hydralisk x2  
  159  14:30  Zergling x8  
  163  14:34  Baneling  
  163  14:35  Baneling x9  
  162  14:39  Zergling x2  
  162  14:40  Zergling x6  
  162  14:41  Baneling  
  162  14:42  Baneling x3  
  166  14:49  Baneling x5  
  166  14:50  Zergling x6, Hydralisk  
  171  14:57  Zergling x8  
  171  14:58  Zergling x6  
  166  15:13  Zergling x12  
  168  15:20  Zergling x2  
  168  15:21  Zergling x8  
Show
View Real Time Build Order
Export as new Build Order

Bails Protoss 

Build Orders: 1 Gate Expand, Oracle Opening 

Get SALT Encoding   

  12  0:00  Probe (Chrono Boost)  
  13  0:11  Probe (Chrono Boost)  
  14  0:20  Pylon  
  14  0:22  Probe (Chrono Boost)  
  15  0:38  Probe (Chrono Boost), Gateway  
  16  0:48  Probe (Chrono Boost)  
  17  0:50  Assimilator  
  17  0:59  Probe (Chrono Boost)  
  18  1:10  Probe (Chrono Boost)  
  19  1:20  Probe (Chrono Boost)  
  20  1:27  Nexus  
  20  1:37  Cybernetics Core  
  20  1:42  Probe (Chrono Boost)  
  20  1:46  Assimilator  
  21  1:52  Probe (Chrono Boost)  
  22  1:58  Pylon  
  22  2:03  Probe (Chrono Boost)  
  23  2:12  Stalker  
  23  2:17  Probe (Chrono Boost)  
  26  2:23  Stargate  
  27  2:30  Probe (Chrono Boost)  
  27  2:35  Warp Gate  
  27  2:38  Adept  
  27  2:42  Probe (Chrono Boost)  
  31  2:44  Probe (Chrono Boost)  
  31  2:55  Probe (Chrono Boost)  
  31  3:02  Oracle  
  31  3:03  Gateway  
  34  3:13  Pylon  
  34  3:15  Probe (Chrono Boost)  
  34  3:17  Probe (Chrono Boost)  
  36  3:26  Gateway  
  37  3:27  Probe (Chrono Boost)  
  37  3:32  Probe (Chrono Boost)  
  40  3:35  Oracle  
  40  3:39  Probe (Chrono Boost)  
  42  3:42  Probe (Chrono Boost)  
  42  3:48  Pylon  
  43  3:51  Probe (Chrono Boost), Sentry  
  43  3:53  Probe (Chrono Boost)  
  47  3:59  Assimilator  
  48  4:03  Probe x2 (Chrono Boost)  
  49  4:14  Probe (Chrono Boost)  
  49  4:15  Pylon  
  52  4:17  Mothership Core (Chrono Boost)  
  52  4:24  Probe (Chrono Boost)  
  53  4:35  Probe (Chrono Boost)  
  53  4:37  Probe (Chrono Boost)  
  55  4:38  Pylon  
  55  4:40  Adept x3  
  55  4:44  Pylon  
  62  4:45  Probe (Chrono Boost)  
  62  4:49  Probe (Chrono Boost)  
  62  4:51  Phoenix  
  62  4:52  Nexus  
  63  4:59  Pylon  
  65  5:02  Probe x2 (Chrono Boost)  
  67  5:12  Probe (Chrono Boost)  
  67  5:13  Assimilator  
  69  5:14  Probe (Chrono Boost)  
  69  5:17  Pylon  
  69  5:21  Sentry x2  
  73  5:22  Robotics Facility  
  73  5:23  Probe (Chrono Boost)  
  73  5:26  Probe (Chrono Boost)  
  73  5:28  Pylon  
  75  5:33  Probe (Chrono Boost)  
  76  5:38  Probe (Chrono Boost)  
  77  5:44  Probe (Chrono Boost)  
  77  5:47  Adept x3  
  85  5:50  Twilight Council, Probe (Chrono Boost)  
  85  5:54  Probe (Chrono Boost)  
  86  5:57  Pylon  
  86  6:02  Probe (Chrono Boost)  
  87  6:04  Forge  
  87  6:05  Probe (Chrono Boost)  
  87  6:07  Warp Prism, Probe (Chrono Boost)  
  93  6:15  Probe x2 (Chrono Boost)  
  93  6:17  Resonating Glaives  
  94  6:19  Probe (Chrono Boost)  
  94  6:20  Robotics Facility  
  94  6:22  Sentry x2  
  99  6:26  Probe (Chrono Boost), Protoss Ground Weapons Level 1  
  99  6:27  Probe (Chrono Boost)  
  99  6:28  Pylon  
  101  6:32  Probe (Chrono Boost)  
  101  6:35  Pylon  
  101  6:37  Probe (Chrono Boost), Pylon  
  101  6:39  Assimilator  
  102  6:42  Assimilator, Observer  
  102  6:45  Probe (Chrono Boost)  
  104  6:55  Gateway  
  104  6:56  Gateway  
  104  6:58  Immortal  
  104  6:59  Gateway  
  104  7:06  Probe (Chrono Boost)  
  104  7:08  Immortal, Probe (Chrono Boost)  
  114  7:14  Probe (Chrono Boost)  
  115  7:17  Pylon  
  115  7:20  Gateway  
  115  7:23  Gateway  
  115  7:30  Robotics Bay  
  115  7:32  Gateway  
  115  7:33  Gateway  
  115  7:34  Immortal  
  115  7:39  Pylon  
  119  7:47  Immortal  
  123  7:52  Blink  
  123  7:54  Pylon  
  123  7:59  Pylon  
  123  8:14  Stalker x3  
  123  8:19  Disruptor  
  133  8:20  Protoss Ground Weapons Level 2  
  133  8:22  Pylon  
  133  8:23  Disruptor  
  132  8:28  Photon Cannon  
  132  8:29  Photon Cannon, Nexus  
  132  8:32  Pylon  
  133  8:45  Adept x4  
  133  8:46  Pylon  
  141  8:50  Pylon  
  141  8:51  Disruptor  
  141  8:52  Adept x2  
  141  8:54  Disruptor  
  151  9:07  Pylon  
  151  9:08  Pylon  
  151  9:12  Stalker x3  
  157  9:22  Photon Cannon  
  157  9:23  Photon Cannon  
  157  9:26  Disruptor, Pylon  
  157  9:30  Warp Prism  
  162  9:38  Templar Archives  
  159  9:50  Photon Cannon  
  159  9:51  Photon Cannon  
  156  9:53  Assimilator, Stalker x2  
  156  9:55  Assimilator  
  156  9:57  Disruptor  
  158  10:07  Observer  
  140  10:22  Stalker x6  
  140  10:23  Stalker  
  140  10:27  Disruptor, Stalker  
  159  10:28  Disruptor  
  162  10:40  Stalker x2  
  129  10:57  Stalker  
  129  10:58  Stalker x4  
  129  10:59  Disruptor  
  129  11:03  Disruptor  
  138  11:19  Pylon  
  138  11:24  Mothership Core (Chrono Boost), Sentry x2  
  144  11:27  Protoss Ground Weapons Level 3, Nexus  
  144  11:32  Pylon  
  144  11:33  Disruptor, Pylon  
  144  11:39  Disruptor  
  150  11:45  Pylon  
  150  12:00  Stalker x3, Adept x3  
  150  12:01  Stalker  
  164  12:07  Disruptor  
  164  12:14  Probe x3 (Chrono Boost)  
  170  12:17  Adept x3  
  164  12:29  Disruptor  
  107  12:37  Adept x2  
  107  12:38  Disruptor, Adept x2  
  110  12:49  Probe (Chrono Boost)  
  110  12:50  Probe x3 (Chrono Boost)  
  109  12:57  Adept x4  
  117  13:02  Probe (Chrono Boost)  
  117  13:05  Sentry  
  120  13:10  Stalker x3  
  126  13:13  Disruptor  
  129  13:20  Adept x3  
  122  13:36  Stalker x4  
  122  13:39  Mothership Core (Chrono Boost)  
  121  13:54  Disruptor  
  111  13:56  Stalker x3  
  111  13:57  Stalker  
  111  14:00  Assimilator x2  
  119  14:09  Disruptor  
  120  14:17  Adept x5  
  120  14:18  Adept  
  120  14:23  Photon Cannon  
  132  14:35  Disruptor  
  132  14:36  Adept x2  
  139  14:42  Adept  
  141  14:53  Sentry x2  
  141  14:56  Nexus  
  141  14:58  Pylon, Adept  
  135  15:16  Stalker x3  
  115  15:23  Zealot  
  115  15:24  Zealot x3  
Tags
 
Add a new tag
Caveats
  • Supply blocks, unpowered buildings, or Contaminate may cause inaccurate times.
  • Supply counts are checked every 10 seconds.